 Dungeon Crawl Stone Soup version 0.30-a0-223-gcb0039aa0c (webtiles) character file.

Game seed: 10296318332398261089

86 qw the Chopper (level 4, 0/28 HPs)
             Began as a Gargoyle Fighter on Oct 9, 2022.
             Slain by Pargi (3 damage)
             ... in a sewer.
             The game lasted 00:00:57 (2256 turns).

qw the Chopper (Gargoyle Fighter)                   Turns: 2256, Time: 00:00:58

Health: 0/28       AC: 12    Str: 22    XL:     4   Next: 50%
Magic:  4/4        EV: 10    Int:  8    God:
Gold:   179        SH:  4    Dex:  9    Spells: 3/3 levels left

rFire   + . .      SeeInvis .    Y - +1 war axe
rCold   . . .      Faith    .    c - +0 buckler
rNeg    + . .      Spirit   .    k - +2 ring mail {rF+}
rPois   inf        Reflect  .    (no helmet)
rElec   +          Harm     .    e - +0 cloak
rCorr   .          Rampage  .    (no gloves)
Will    .....                    (no boots)
Stlth   ..........               (no amulet)
HPRegen 0.24/turn                (no ring)
MPRegen 0.09/turn                (no ring)

@: no status effects
A: sickness immunity, AC +3, negative energy resistance 1, electricity
resistance, torment resistance 1, petrification resistance
a: no special abilities


You were in a sewer.
You visited 1 branch of the dungeon, and saw 3 of its levels.
You also visited: Sewer.

You collected 179 gold pieces.


Innate Abilities, Weirdness & Mutations

You are immune to sickness and miasma.
Your stone body is resilient. (AC +3)
You are immune to poison.
You resist negative energy. (rN+)
You are resistant to electric shocks. (rElec)
You are resistant to unholy torment.
You are immune to petrification.


   Skills:
 - Level 3.2 Fighting
 + Level 4.2 Axes
 - Level 3.2 Armour
 - Level 3.2 Shields


You had 3 spell levels left.
You didn't know any spells.
Your spell library was empty.

Inventory:

Hand Weapons
 j - a +0 flail
 Y - a +1 war axe (weapon)
Armour
 c - a +0 buckler (worn)
 e - a +0 cloak (worn)
 k - a +2 ring mail of fire resistance (worn)
Scrolls
 i - a scroll of identify
Potions
 a - a potion of heal wounds {unknown}
 d - a potion of might
 f - a potion of ambrosia {unknown}
 g - a potion of berserk rage {unknown}
 h - a potion of flight {unknown}
 l - a potion of curing {unknown}

Dungeon Overview and Level Annotations

Branches:
Dungeon (3/15)              Sewer (1/1)

Altars:

Annotations:
Sewer Pargi


Message History

You closely miss Pargi.
Pargi is lightly wounded.
Pargi closely misses you. Pargi claws you but does no damage. x2
You slash Pargi!
Pargi is moderately wounded.
You block Pargi's attack. Pargi claws you. Pargi claws you but does no damage.
You barely miss Pargi.
Pargi is moderately wounded.
Pargi completely misses you. Pargi closely misses you. Pargi barely misses you.
You hit Pargi.
Pargi is moderately wounded.
You block Pargi's attack. Pargi claws you but does no damage. x2
Pargi snarls, "My home!
Leave!"
Pargi bites you but does no damage. Pargi claws you but does no damage.
Pargi barely misses you.
You barely miss Pargi.
Pargi is moderately wounded.
Pargi bites you but does no damage. Pargi claws you but does no damage.
Pargi closely misses you.
You closely miss Pargi.
Pargi is lightly wounded.
You block Pargi's attack. Pargi claws you but does no damage.
Pargi closely misses you.
You closely miss Pargi.
Pargi is lightly wounded.
Pargi bites you. Pargi claws you but does no damage.
Pargi barely misses you. x2
Pargi claws you. Pargi claws you but does no damage.
You closely miss Pargi.
Pargi is lightly wounded.
Pargi pleads, "Don't hit me!"
Pargi bites you but does no damage. Pargi claws you but does no damage. x2
You closely miss Pargi.
Pargi is lightly wounded.
Pargi looks around nervously.
Pargi bites you. Pargi claws you but does no damage. x2
You hit Pargi.
Pargi is moderately wounded.
Pargi bites you. Pargi claws you. Pargi claws you but does no damage.
Pargi completely misses you. Pargi barely misses you. Pargi claws you.
You die...

### #.# #.#
#+##+##T##+##+#
.......@.......
~~~~~~~.~~~~~~~
~~~~~~~\~~~~~~~
~~~~~~~.~~~~~~~
...............
#+##+##.##+##+#
#.# #\# ###


You could see Pargi.

Vanquished Creatures
  3 adders
  A worm (D:2)
  3 dart slugs (D:1)
  5 bats
  7 endoplasms
  2 giant cockroaches
  6 goblins
  4 hobgoblins
  2 quokkas
  6 ball pythons
  2 frilled lizards
  6 kobolds
  4 rats
51 creatures vanquished.

Notes
Turn   | Place    | Note
-------+----------+-------------------------------------------
     0 | D:1      | qw the Gargoyle Fighter began the quest for the Orb.
     0 | D:1      | Reached XP level 1. HP: 14/14 MP: 1/1
     0 | D:1      | 0 ||| qw: Version: 0.2-a-17-g06abaee
     0 | D:1      | 0 ||| qw: Game counter: 2193
     0 | D:1      | 0 ||| qw: Always use a shield: true
     0 | D:1      | 0 ||| qw: God list: Okawaru
     0 | D:1      | 0 ||| qw: Allow faded altars: false
     0 | D:1      | 0 ||| qw: Do Orc after D:15 true
     0 | D:1      | 0 ||| qw: Do second Lair branch before Depths: true
     0 | D:1      | 0 ||| qw: Lair rune preference: random
     0 | D:1      | 0 ||| qw: Plans: Normal, Zot:1-4, God:TSO, Crypt, Tomb,
                  | Pan, Slime:5, Hells, Abyss, Orb
     0 | D:1      | 0 ||| PLANNING D:1-11
    13 | D:1      | Reached skill level 2 in Axes
    69 | D:1      | 69 ||| Stepping ~*~*~tactically~*~*~ (stealth).
    77 | D:1      | 77 ||| Stepping ~*~*~tactically~*~*~ (hiding).
    78 | D:1      | 78 ||| Stepping ~*~*~tactically~*~*~ (hiding).
    84 | D:1      | Reached XP level 2. HP: 19/19 MP: 2/2
   173 | D:1      | 173 ||| Stepping ~*~*~tactically~*~*~ (stealth).
   175 | D:1      | 175 ||| Stepping ~*~*~tactically~*~*~ (stealth).
   178 | D:1      | 178 ||| Stepping ~*~*~tactically~*~*~ (stealth).
   179 | D:1      | 179 ||| Stepping ~*~*~tactically~*~*~ (stealth).
   180 | D:1      | 180 ||| Stepping ~*~*~tactically~*~*~ (stealth).
   219 | D:1      | 219 ||| Stepping ~*~*~tactically~*~*~ (hiding).
   220 | D:1      | 220 ||| Stepping ~*~*~tactically~*~*~ (hiding).
   368 | D:1      | Reached skill level 3 in Axes
   440 | D:1      | 440 ||| DROPPING +0 whip.
   555 | D:1      | Reached XP level 3. HP: 19/23 MP: 3/3
   792 | D:1      | 792 ||| READING scroll labelled FUK PIKKYJOE.
   793 | D:1      | 793 ||| READING scroll labelled OGGUQI BIYPNEFE.
   794 | D:1      | 794 ||| READING scroll labelled TIWACL XUWA.
   797 | D:1      | 797 ||| READING scroll labelled IBENIU QALA.
   798 | D:1      | 798 ||| READING scroll labelled EWKIRPH HOGEP.
   799 | D:1      | 799 ||| DRINKING 3 viscous coppery potions.
   800 | D:1      | 800 ||| DROPPING 2 potions of brilliance.
  1119 | D:2      | 1119 ||| FLEEEEING.
  1124 | D:2      | 1124 ||| FLEEEEING.
  1321 | D:2      | Found a faded altar of an unknown god.
  1414 | D:2      | Reached XP level 4. HP: 28/28 MP: 4/4
  1557 | D:2      | 1557 ||| UPGRADING to +0 cloak.
  1562 | D:2      | 1562 ||| READING scroll labelled YGEEG ZUDU.
  1563 | D:2      | 1563 ||| READING scroll labelled QAPUWI AXEK.
  1594 | D:3      | 1594 ||| PLANNING SEWER
  1642 | D:3      | 1642 ||| Stepping ~*~*~tactically~*~*~ (stealth).
  1643 | D:3      | 1643 ||| Stepping ~*~*~tactically~*~*~ (stealth).
  1781 | D:3      | Reached skill level 4 in Axes
  2211 | D:3      | Found a glowing drain.
  2212 | D:3      | 2212 ||| UPGRADING to +2 ring mail of fire resistance.
  2222 | D:3      | 2222 ||| DROPPING +0 scale mail.
  2231 | Sewer    | Entered a sewer
  2234 | Sewer    | Noticed Pargi
  2256 | Sewer    | HP: 5/28 [Pargi (6)]
  2256 | Sewer    | Slain by Pargi

Levels and vault maps discovered:
D:1:      lightli_arrival_chessboard, layout_loops_ring, minmay_pentomino_v4
D:2:      layout_loops_ring, basic_ecumenical_altar, st_stairs_14
D:3:      layout_loops_ring, portal_sewer_entry_d
Sewer:    kennysheep_door_sewer

Skill      XL: |  1  2  3  4 |
---------------+-------------+-----
Axes           | 2 3 4 |  4.2
Fighting       | |  3.2
Armour         | |  3.2
Shields        | |  3.2

Action                   |  1- 3 |  4- 6 || total
-------------------------+-------+-------++-------
Melee: War axe           |   127 |    56 ||   183
  Use: Scroll            |     5 |     2 ||     7
       Potion            |     1 |       ||     1
Armor: Scale mail        |    66 |    17 ||    83
       Ring mail         |       |    42 ||    42
Dodge: Dodged            |    57 |    40 ||    97
Block: Buckler           |    15 |     8 ||    23

Table legend:
 A = Non-vault XP
 B = Vault XP
 C = Vault XP percentage of total XP
 D = Non-vault monster count
 E = Vault monster count
 F = Vault count percentage of total count
                 A         B        C        D         E       F
            +---------+---------+-------+---------+---------+-------
      Total |      97 |      27 |  21.8 |      43 |       8 |  15.7
            +---------+---------+-------+---------+---------+-------
        D:1 |      22 |      13 |  37.1 |      12 |       6 |  33.3
        D:2 |      49 |       1 |   2.0 |      20 |       1 |   4.8
        D:3 |      26 |      13 |  33.3 |      11 |       1 |   8.3
            +---------+---------+-------+---------+---------+-------
